 Dungeon Crawl Stone Soup version 0.26.1-11-gd32895ea62 (webtiles) character file.

Game seed: 3077457457748793168

706 metroholografix the Skirmisher (level 7, -10/48 HPs)
             Began as a Gargoyle Berserker on May 10, 2021.
             Was a Believer of Trog.
             Killed by an exploding a worker ant (16 damage)
             ... exploding inner flame
             ... on level 4 of the Dungeon.
             The game lasted 00:12:49 (5635 turns).

metroholografix the Skirmisher (Gargoyle Berserker) Turns: 5635, Time: 00:12:49

Health: -10/48     AC: 15    Str: 20    XL:     7   Next: 67%
Magic:  7/7        EV:  3    Int:  8    God:    Trog [**....]
Gold:   138        SH: 12    Dex: 11    Spells: 6/6 levels left

rFire    . . .     SeeInvis .   a - +1 mace
rCold    . . .     Faith    .   t - +0 tower shield
rNeg     + . .     Spirit   .   n - +1 chain mail
rPois    ∞         Reflect  .   (no helmet)
rElec    +         Harm     .   m - +0 cloak
rCorr    .         Rampage  .   (no gloves)
Will     .....                  (no boots)
Stlth    ..........             (no amulet)
HPRegen  0.16/turn              (no ring)
MPRegen  0.10/turn              (no ring)

@: berserk cooldown, slowed, very slow
A: negative energy resistance 1, electricity resistance, unbreathing,
petrification resistance, miasma immunity, AC +4
a: Renounce Religion, Berserk, Trog's Hand


You were on level 4 of the Dungeon.
You worshipped Trog.
Trog was pleased with you.
You visited 1 branch of the dungeon, and saw 4 of its levels.

You collected 138 gold pieces.

Inventory:

Hand Weapons
 a - a +1 mace (weapon)
Armour
 m - a +0 cloak (worn)
 n - a +1 chain mail (worn)
 t - a +0 tower shield (worn)
Wands
 q - a wand of disintegration (18)
Scrolls
 p - 2 scrolls of remove curse
 s - 2 scrolls of amnesia {unknown}
Potions
 b - 2 potions of magic {unknown}
 c - a potion of mutation {unknown}
 d - 2 potions of cancellation {unknown}
 f - 2 potions of curing {unknown}
 h - 2 potions of haste {unknown}
 k - a potion of lignification {unknown}
 l - a potion of berserk rage {unknown}
 o - a potion of invisibility {unknown}
 r - a potion of might {unknown}


   Skills:
 * Level 7.1 Fighting
 * Level 6.4 Maces & Flails
 - Level 2.1 Armour
 - Level 1.5 Dodging
 + Level 1.1 Shields


You had 6 spell levels left.
You didn't know any spells.
Your spell library was empty.

Dungeon Overview and Level Annotations

Branches:
Dungeon (4/15)
 Temple: D:4-7

Altars:


Innate Abilities, Weirdness & Mutations

You are resistant to torment.
Your stone body is resilient. (AC +4)
You are immune to poison.
You resist negative energy. (rN+)
You are resistant to electric shocks. (rElec)
You can survive without breathing.
You are immune to petrification.
You are immune to miasma.


Message History

* * * LOW HITPOINT WARNING * * *
The orc wizard barely misses you.
The worker ant bites you but does no damage.
As you read the scroll labelled TUMPI ATONA, it crumbles to dust.
The creatures around you are filled with an inner flame!
It was a scroll of immolation.
The orc wizard looks braver for a moment.
The worker ant bites you.
* * * LOW HITPOINT WARNING * * *
You block the orc wizard's attack. You block the worker ant's attack.
You hit the worker ant.
Flame seeps out of the worker ant.
The worker ant is moderately wounded.
The orc wizard hits you but does no damage.
The worker ant is engulfed in blazing flames.
Trog accepts your kill.
The worker ant explodes!
The fiery explosion engulfs the orc priest!!
Trog accepts your kill. The fiery explosion engulfs you!
You die...

*,,,>* *,,,,,,,*,*
#############################'#,,
..............................##*
................................*
................................*
...........................!....*
...............o................*
..............§ooo.....)........*
........).....§○@......)........*
########################'#######*
........................o.......,
................................,
.......................:........,
.##..#####'#####...##.##..##...#*
.##..####....###...##.##..##...##
.......#.......#....#...........+
.......#.).....#....#...........#


You could see 2 orc wizards and 2 orcs.

Vanquished Creatures
  Sigmund (D:3)
  An ogre (D:4)
  Crazy Yiuf (D:2)
  5 orc priests
  A worker ant (D:4)
  7 orc wizards
  A howler monkey skeleton (D:4)
  5 adders (D:2)
  4 worms
  2 dart slugs
  3 leopard geckos
  12 orcs
  2 ball pythons (D:2)
  6 bats
  2 giant cockroaches
  3 goblins
  5 hobgoblins
  7 jackals (D:4)
  A quokka (D:3)
  2 frilled lizards (D:3)
  7 kobolds
  2 rats
80 creatures vanquished.

Notes
Turn   | Place    | Note
-------+----------+-------------------------------------------
     0 | D:1      | metroholografix the Gargoyle Berserker began the quest for
                  | the Orb.
     0 | D:1      | Reached XP level 1. HP: 14/14 MP: 1/1
   387 | D:1      | Reached XP level 2. HP: 18/19 MP: 2/2
  1218 | D:2      | Reached skill level 4 in Fighting
  1218 | D:2      | Reached XP level 3. HP: 19/24 MP: 3/3
  1860 | D:2      | Reached XP level 4. HP: 30/30 MP: 4/4
  2202 | D:2      | Found a runed translucent door.
  2203 | D:2      | Noticed Crazy Yiuf
  2759 | D:2      | Killed Crazy Yiuf
  3052 | D:3      | Reached XP level 5. HP: 34/34 MP: 5/5
  3113 | D:3      | Reached ** piety under Trog
  3142 | D:3      | Found a faded altar of an unknown god.
  3339 | D:3      | Noticed Sigmund
  3353 | D:3      | Killed Sigmund
  3354 | D:3      | Reached skill level 5 in Fighting
  3354 | D:3      | Reached skill level 5 in Maces & Flails
  3354 | D:3      | Reached XP level 6. HP: 33/41 MP: 6/6
  3673 | D:2      | Reached skill level 6 in Fighting
  4589 | D:4      | Reached XP level 7. HP: 40/47 MP: 7/7
  5309 | D:4      | Reached skill level 7 in Fighting
  5315 | D:4      | Reached skill level 1 in Shields
  5635 | D:4      | Killed by an exploding a worker ant... exploding inner
                  | flame

Illustrated notes

Levels and vault maps discovered:
D:1:      wander_arrival_fairy_ring, layout_basic
D:2:      layout_loops_corners, uniq_crazy_yiuf_cottage
D:3:      layout_basic, chequers_ecumenical_altar_simple, uniq_sigmund
D:4:      layout_gridville, lemuel_coloured_pillars_altar,
          nicolae_overflow_crystal_walls

Skill      XL: |  1  2  3  4  5  6  7 |
---------------+----------------------+-----
Fighting       | 4 5 6 7 |  7.1
Maces & Flails | 4 5 6 |  6.4
Shields        | 1 |  1.1
Armour         | |  2.1
Dodging        | |  1.5

Action                   |  1- 3 |  4- 6 |  7- 9 || total
-------------------------+-------+-------+-------++-------
Melee: Mace              |    61 |   106 |    93 ||   260
Invok: Berserk           |     3 |     6 |     4 ||    13
       Trog's Hand       |       |     2 |     1 ||     3
  Use: Scroll            |       |     1 |     4 ||     5
Armor: Animal skin       |     6 |       |       ||     6
       Leather armour    |    18 |    52 |       ||    70
       Robe              |       |     9 |       ||     9
       Chain mail        |       |     9 |   136 ||   145
Dodge: Dodged            |    41 |    86 |    23 ||   150
Block: Tower shield      |       |       |    67 ||    67
